[Event "Team 45 45 League T65"]
[Site "Internet Chess Club"]
[Date "2015.06.13"]
[Round "2"]
[White "mkoga"]
[Black "g8wrb"]
[Result "1-0"]
[WhiteElo "1440"]
[BlackElo "1295"]
[Opening "French defense"]
[ECO "C00"]
[Time "14:00:37"]
[TimeControl "2700+45"]

1. e4 e6 2. Nf3 d5 3. d3 dxe4 4. Ne5 Nf6 5. Be2 exd3 6. Bxd3 Bd6 7. Bf4 O-O 8.
O-O b6 9. Qf3 Nd5 10. Bg3 Nd7 11. Nc6 Ne5 12. Nxe5 Bxe5 13. Bxe5 Bd7 14. Nc3 Nf6
15. Rad1 Kh8 16. Bb5 Nd5 17. Nxd5 Bxb5 18. Nxc7 Qg5 19. Bf4 Qc5 20. Bd6 Qc6 21.
Qxc6 Bxc6 22. Nxa8 Rxa8 23. Bc7 Bd5 24. Rfe1 Rc8 25. c4 Bxc4 26. Rd8+ Rxd8 27.
Bxd8 Bd5 28. b3 Kg8 29. f3 Kf8 30. Rc1 Ke8 31. Bh4 Kd7 32. Kf2 e5 33. Ke3 f6 34.
g4 Bc6 35. Bg3 g5 36. h4 h6 37. hxg5 hxg5 38. Rh1 Ke6 39. Rh7 Bd7 40. Rh8 Bc6
41. Rc8 Kd7 42. Rxc6 Kxc6 43. Ke4 Kd7 44. Kf5 Ke7 45. Kg6 Ke6 46. Be1 a5 47. b4
axb4 48. Bxb4 b5 49. Bf8 Kd5 50. Kxf6 Kc4 51. Kxe5 b4 52. Kf5 {Black resigns}
1-0

[Event "Team 45 45 League T65"]
[Site "Internet Chess Club"]
[Date "2015.06.10"]
[Round "2"]
[White "SeniorCitizen"]
[Black "chips"]
[Result "1-0"]
[WhiteElo "1338"]
[BlackElo "1215"]
[Opening "Owen defense"]
[ECO "B00"]
[Time "14:00:09"]
[TimeControl "2700+45"]

1. e4 b6 2. Nc3 Bb7 3. Nf3 d5 4. exd5 Bxd5 5. Nxd5 Qxd5 6. d4 c5 7. c3 cxd4 8.
Qxd4 Qxd4 9. Nxd4 a6 10. Be3 e6 11. Nf3 b5 12. Bd3 Nf6 13. O-O Nbd7 14. Bf4 Bc5
15. b4 Be7 16. Rac1 O-O 17. a3 h6 18. c4 bxc4 19. Rxc4 Rfc8 20. Rxc8+ Rxc8 21.
Rc1 Rxc1+ 22. Bxc1 Nb8 23. h3 e5 24. Nxe5 Nd5 25. Bb2 f6 26. Bc4 Kh7 27. Bxd5
fxe5 28. Bxe5 Nd7 29. Bb2 Bf6 30. Bxf6 gxf6 31. Bc4 Nb8 32. g4 Kg6 33. Kg2 Kg5
34. Kg3 h5 35. h4+ Kg6 36. Bd3+ Kh6 37. f4 hxg4 38. Kxg4 a5 39. bxa5 Nc6 40. a6
Na7 41. Kf5 Kg7 42. h5 Nc6 43. Ke6 Kh6 44. Kd6 Na7 45. Kc7 Kxh5 46. Kb7 Kg4 47.
Kxa7 Kxf4 48. Kb7 Ke3 49. Bh7 {Black resigns} 1-0

[Event "Team 45 45 League T65"]
[Site "Internet Chess Club"]
[Date "2015.06.14"]
[Round "2"]
[White "wildcat2023"]
[Black "Mitochondria"]
[Result "0-1"]
[WhiteElo "1434"]
[BlackElo "1519"]
[Opening "Trompowsky attack (Ruth, Opocenský opening)"]
[ECO "A45"]
[Time "18:32:56"]
[TimeControl "2700+45"]

1. d4 Nf6 2. Bg5 Ne4 3. Bf4 d5 4. f3 Nf6 5. Bg5 e6 6. Nd2 Be7 7. Bxf6 Bxf6 8. c3
O-O 9. e4 b6 10. e5 Be7 11. f4 Ba6 12. Ne2 c5 13. Rc1 cxd4 14. cxd4 Nd7 15. Qa4
Bd3 16. Rc3 b5 17. Qd1 Bc4 18. b3 Bxe2 19. Bxe2 b4 20. Rc1 Rc8 21. O-O Rc3 22.
Nb1 Rc7 23. Rxc7 Qxc7 24. g4 Rc8 25. Bd3 Qb6 26. Bc2 Qa6 27. Rf2 Qb6 28. g5 g6
29. h4 h5 30. gxh6 Bxh4 31. Rh2 Bg3 32. h7+ Kh8 33. Rh3 Bxf4 34. Rf3 g5 35. Rf2
Be3 36. Qe2 Qxd4 37. Kf1 Bxf2 38. Qxf2 Qxf2+ 39. Kxf2 Rxc2+ {White resigns} 0-1

[Event "Team 45 45 League T65"]
[Site "Internet Chess Club"]
[Date "2015.06.12"]
[Round "2"]
[White "AlPearson"]
[Black "Chaitanyaann"]
[Result "1-0"]
[WhiteElo "1426"]
[BlackElo "1391"]
[Opening "QGD Slav: 4.Nc3"]
[ECO "D15"]
[Time "14:00:54"]
[TimeControl "2700+45"]

1. d4 d5 2. c4 c6 3. Nf3 Nf6 4. Nc3 a6 5. a3 b5 6. cxd5 cxd5 7. b4 Bf5 8. Bg5
Ne4 9. Nxe4 Bxe4 10. e3 f6 11. Bf4 Nd7 12. Bd3 Bxd3 13. Qxd3 e5 14. dxe5 fxe5
15. Nxe5 Nxe5 16. Bxe5 Ra7 17. O-O Rd7 18. Rac1 Qg5 19. Rc8+ Ke7 20. Bd4 h5 21.
Rfc1 h4 22. Ra8 h3 23. g3 Rh6 24. Bc5+ Ke6 25. Bxf8 Rf6 26. Rc6+ Kf7 27. Rxf6+
Qxf6 28. Qd4 Qg6 29. Qf4+ Qf6 30. Qxf6+ gxf6 31. Bc5 Kg6 32. Rxa6 Rd8 33. Kf1
Kg5 34. Ke2 f5 35. Be7+ Kg4 36. Bxd8 f4 37. exf4 Kf5 38. Rb6 d4 39. Rxb5+ Ke6
40. Bb6 Kd6 41. Bxd4 Kc6 42. Re5 Kd6 43. f5 Kd7 44. f6 Kd8 45. f7 Kd7 46. f8=Q
Kc7 47. Qf6 {Black resigns} 1-0

[Event "Team 45 45 League T65"]
[Site "Internet Chess Club"]
[Date "2015.06.13"]
[Round "2"]
[White "ethan0627"]
[Black "Zyme"]
[Result "0-1"]
[WhiteElo "1443"]
[BlackElo "1327"]
[Opening "French: Winawer, advance, 5.a3"]
[ECO "C17"]
[Time "15:22:07"]
[TimeControl "2700+45"]

1. e4 e6 2. d4 d5 3. Nc3 Bb4 4. e5 c5 5. a3 Ba5 6. Nf3 cxd4 7. Qxd4 Nc6 8. Qg4
Bxc3+ 9. bxc3 g6 10. Bb5 Qa5 11. Qb4 Bd7 12. Bxc6 Qxb4 13. Bxd7+ Kxd7 14. cxb4
Rc8 15. Ra2 Ne7 16. Bg5 Nf5 17. Kd2 Rc4 18. Bf6 Rhc8 19. Rc1 h5 20. c3 Nh6 21.
h3 Ng8 22. Bg5 Ne7 23. Bxe7 Kxe7 24. Nd4 a6 25. b5 a5 26. a4 f6 27. exf6+ Kxf6
28. Ra3 e5 29. Ne2 g5 30. Rd1 Ke6 31. Kc2 Rf8 32. f3 g4 33. hxg4 hxg4 34. Ng1
gxf3 35. Nxf3 Rg8 36. Rd2 Rcg4 37. Ne1 Rc4 38. Kb3 e4 39. Raa2 Rg3 40. Rac2 Rb4+
41. Ka3 d4 42. Rd1 Ke5 43. Rdc1 Rc4 44. Kb3 Rb4+ 45. Ka3 Rc4 46. Kb2 Rxa4 47.
cxd4+ Rxd4 48. Rc4 Rd2+ 49. R1c2 Rd4 50. Rxd4 Kxd4 51. Rc7 b6 52. Rc6 Rg5 53.
Rxb6 Kc4 54. Re6 Rxb5+ 55. Kc2 Kd5 56. Ra6 Kd4 57. Rg6 Ke3 58. g4 Kf2 59. Kd2
Rd5+ 60. Kc3 Kxe1 61. Rg8 e3 62. g5 e2 63. g6 Kd1 {White resigns} 0-1

[Event "Team 45 45 League T65"]
[Site "Internet Chess Club"]
[Date "2015.06.11"]
[Round "2"]
[White "artspir"]
[Black "Ilamihir"]
[Result "0-1"]
[WhiteElo "1222"]
[BlackElo "1143"]
[Opening "Queen's pawn game"]
[ECO "A46"]
[Time "13:00:11"]
[TimeControl "2700+45"]

1. d4 Nf6 2. Nf3 d6 3. Bf4 g6 4. h3 Bg7 5. Nbd2 O-O 6. e3 Nbd7 7. Bd3 Re8 8. O-O
e5 9. Bh2 e4 10. Nxe4 Nxe4 11. Bxe4 Rxe4 12. Qd3 Nf6 13. Ng5 Re8 14. Rfe1 Bf5
15. Qb3 Nd7 16. Nxf7 Be6 17. Nxd8 Bxb3 18. axb3 Rexd8 19. c3 Rf8 20. f4 Nf6 21.
e4 c5 22. d5 Rfe8 23. e5 dxe5 24. fxe5 Nxd5 25. Rad1 Nc7 26. Rd7 Ne6 27. Rxb7
Reb8 28. Re7 Re8 29. Rd7 a6 30. Rd6 Re7 31. c4 a5 32. Bg3 a4 33. bxa4 Rxa4 34.
b3 Rb4 35. Red1 Rxb3 36. Bh4 Re8 37. Bf6 Bxf6 38. exf6 Kf8 39. Rd7 Rbb8 40. Rxh7
Rbd8 41. Rf1 Ng5 42. Rh8+ Kf7 43. Rh5 Re5 44. h4 Nf3+ 45. Rxf3 Rxh5 46. g3 Rd6
47. g4 Rxh4 48. g5 Rg4+ 49. Kh2 Rxg5 50. Kh3 Rxf6 51. Rd3 Rf1 52. Rd7+ Ke6 53.
Rd2 Rh1+ 54. Rh2 Rh5+ {White resigns} 0-1

[Event "Team 45 45 League T65"]
[Site "Internet Chess Club"]
[Date "2015.06.14"]
[Round "2"]
[White "santiagoelawad"]
[Black "room-matt"]
[Result "1-0"]
[WhiteElo "2090"]
[BlackElo "1919"]
[Opening "English: closed, 5.Rb1"]
[ECO "A25"]
[Time "09:01:40"]
[TimeControl "2700+45"]

1. c4 e5 2. Nc3 Nc6 3. g3 g6 4. Bg2 Bg7 5. Rb1 d6 6. b4 Bf5 7. d3 Qd7 8. b5 Nd8
9. e4 Be6 10. Be3 f5 11. f3 Nf6 12. Qb3 O-O 13. Nge2 Nf7 14. O-O fxe4 15. dxe4
Nh5 16. Qb4 a5 17. Qa4 b6 18. Rbd1 Rac8 19. c5 bxc5 20. Bxc5 Qe7 21. Be3 Ra8 22.
Qc2 Nf6 23. Rc1 Qd7 24. a4 Bh6 25. Bxh6 Nxh6 26. Nd1 Rf7 27. Ne3 Bh3 28. Qc6
Qxc6 29. Rxc6 Bxg2 30. Kxg2 Ra7 31. Rfc1 Kf8 32. h4 Nhg8 33. g4 Ne8 34. Nd5 Ne7
35. Nxe7 Kxe7 36. Nc3 Kd7 37. Nd5 h6 38. Kf2 Ke6 39. Ke3 Kd7 40. R1c3 Ke6 41.
Kd2 Rd7 42. Kd3 Kf7 43. Kc4 Ke6 44. Kd3 Kf7 45. Ke3 Ke6 46. Rc1 Rf7 47. g5 hxg5
48. hxg5 Rh7 49. Kf2 Rg7 50. Kg3 Rh7 51. Kg4 Rg7 52. Rh1 Kd7 53. Rh8 Rf7 54. Rg8
Rg7 55. Rf8 Kd8 56. Nf6 Re7 57. Rg8 Re6 58. Rxg6 Ke7 59. Kf5 Kf7 60. Nxe8 Rxg6
61. Nxc7 Rg8 62. Nd5 Rd8 63. b6 Rb7 64. Rc7+ Rd7 65. g6+ Kg7 66. Ke6 {Black
resigns} 1-0

[Event "Team 45 45 League T65"]
[Site "Internet Chess Club"]
[Date "2015.06.15"]
[Round "2"]
[White "ghostfire"]
[Black "SilentKnight"]
[Result "1/2-1/2"]
[WhiteElo "1666"]
[BlackElo "1630"]
[Opening "Ruy Lopez: Berlin defense, open variation"]
[ECO "C67"]
[Time "20:01:07"]
[TimeControl "2700+45"]

1. e4 e5 2. Nf3 Nc6 3. Bb5 Nf6 4. O-O Nxe4 5. Re1 Nd6 6. Bxc6 bxc6 7. Rxe5+ Be7
8. Qe2 f6 9. Re3 Kf7 10. d4 Re8 11. Nh4 Bf8 12. Nc3 a5 13. Bd2 Ba6 14. Qh5+ Kg8
15. Rxe8 Qxe8 16. Qg4 Qf7 17. Nf5 Nxf5 18. Qxf5 Bc4 19. Re1 Be6 20. Qf3 Bb4 21.
a3 Bd6 22. Bf4 Qg6 23. Bxd6 cxd6 24. d5 Bg4 25. Qg3 Re8 26. Rxe8+ Qxe8 27. h3
Bf5 28. dxc6 dxc6 29. Qxd6 Qe1+ 30. Kh2 Qxf2 31. Qxc6 Qf4+ 32. Kg1 Qc1+ 33. Kh2
Qf4+ 34. g3 Qf2+ 35. Qg2 Qxg2+ 36. Kxg2 Bxc2 37. b4 axb4 38. axb4 Kf7 39. Kf3
Ke6 40. Ke3 Kd6 41. Kd4 Bf5 42. h4 Bg4 43. b5 Bd7 44. Ne4+ Kc7 45. Kc5 Kb7 46.
Nd6+ Kb8 47. b6 h6 48. b7 Kc7 49. Kd5 g5 50. hxg5 fxg5 51. Ke5 h5 52. Kf6 h4 53.
gxh4 gxh4 54. Ne4 Kxb7 {Game drawn by mutual agreement} 1/2-1/2

[Event "Team 45 45 League T65"]
[Site "Internet Chess Club"]
[Date "2015.06.14"]
[Round "2"]
[White "jjaillet2007"]
[Black "XGG123"]
[Result "1-0"]
[WhiteElo "1384"]
[BlackElo "1313"]
[Opening "Grünfeld: modern exchange variation"]
[ECO "D85"]
[Time "20:00:27"]
[TimeControl "2700+45"]

1. d4 Nf6 2. c4 g6 3. Nc3 d5 4. cxd5 Nxd5 5. e4 Nxc3 6. bxc3 Bg7 7. Nf3 c5 8.
Bb2 Qa5 9. Qb3 cxd4 10. Qb5+ Qxb5 11. Bxb5+ Bd7 12. Bxd7+ Nxd7 13. cxd4 Rc8 14.
O-O O-O 15. Rfc1 Rfe8 16. Kf1 e6 17. Ke2 Bh6 18. Rxc8 Rxc8 19. Ne1 Nb6 20. Nd3
Nc4 21. Bc1 Bxc1 22. Rxc1 Nb6 23. Rxc8+ Nxc8 24. d5 exd5 25. exd5 Ne7 26. d6 Nc6
27. Ke3 Kf8 28. Ke4 Ke8 29. Kd5 Nb8 30. g4 Nd7 31. g5 Nb6+ 32. Kc5 Kd7 33. Ne5+
Ke6 34. f4 Na4+ 35. Kb4 Nb6 36. Kc5 Nd7+ 37. Nxd7 Kxd7 38. a4 Ke6 39. a5 Kd7 40.
Kd5 Kd8 41. Kc5 Kd7 42. h3 Ke6 43. a6 bxa6 44. Kc6 a5 45. d7 Ke7 46. Kc7 a4 47.
d8=Q+ Ke6 48. Qd6+ Kf5 49. Qf6+ Ke4 50. Qxf7 a3 {Black resigns} 1-0

[Event "Team 45 45 League T65"]
[Site "Internet Chess Club"]
[Date "2015.06.14"]
[Round "2"]
[White "julesraider"]
[Black "Just-Jim"]
[Result "1-0"]
[WhiteElo "1553"]
[BlackElo "1356"]
[Opening "Dutch: stonewall, Botwinnik variation"]
[ECO "A93"]
[Time "11:00:24"]
[TimeControl "2700+45"]

1. d4 d5 2. c4 f5 3. Nf3 Nf6 4. g3 e6 5. Bg2 Be7 6. b3 O-O 7. O-O Ne4 8. Bb2
dxc4 9. bxc4 Nc6 10. e3 Na5 11. Qc2 c6 12. Nbd2 Nxd2 13. Nxd2 Rb8 14. Bc3 Qb6
15. Rab1 Qa6 16. Bxa5 Qxa5 17. Bxc6 Bb4 18. Nb3 Qc7 19. Bg2 Be7 20. c5 Bd7 21.
Qc4 b5 22. Qd3 g5 23. d5 Bf6 24. d6 Qd8 25. Rbc1 Bb2 26. Rc2 Qf6 27. c6 e5 28.
cxd7 Kg7 29. Rxb2 e4 30. Qd2 Rb6 31. Rd1 Rd8 32. Nc5 Rc6 33. Rxb5 a6 34. Ra5 Rb6
35. Qd5 Rdb8 36. Ne6+ Kh6 37. d8=Q Qb2 38. Qxg5# {Black checkmated} 1-0

[Event "Team 45 45 League T65"]
[Site "Internet Chess Club"]
[Date "2015.06.11"]
[Round "2"]
[White "Bryant-L"]
[Black "Schachteufel"]
[Result "1-0"]
[WhiteElo "1739"]
[BlackElo "1689"]
[Opening "KGD: Falkbeer, 3...e4"]
[ECO "C32"]
[Time "10:00:39"]
[TimeControl "2700+45"]

1. e4 e5 2. f4 d5 3. exd5 e4 4. Nc3 Nf6 5. d3 Bb4 6. Ne2 O-O 7. dxe4 Nxe4 8. Qd4
Bxc3+ 9. bxc3 Re8 10. Be3 c6 11. dxc6 Nxc6 12. Qxd8 Rxd8 13. Rd1 Be6 14. g3 Bxa2
15. Rxd8+ Rxd8 16. Bg2 Re8 17. Bxe4 Rxe4 18. Kd2 a6 19. Nd4 Ne7 20. Kd3 Bd5 21.
Rb1 f5 22. c4 Bxc4+ 23. Kxc4 Rxe3 24. Rxb7 Re4 25. Kc5 h5 26. Nf3 a5 27. Rb8+
Kf7 28. Ng5+ Kf6 29. Rf8+ Kg6 30. Nxe4 fxe4 31. Kd4 h4 32. Kxe4 hxg3 33. hxg3
Nf5 34. Rxf5 {Black resigns} 1-0

[Event "Team 45 45 League T65"]
[Site "Internet Chess Club"]
[Date "2015.06.15"]
[Round "2"]
[White "krysto"]
[Black "idjit"]
[Result "1-0"]
[WhiteElo "1628"]
[BlackElo "1605"]
[Opening "Nimzo-Indian: 4.e3 O-O, 5.Bd3"]
[ECO "E47"]
[Time "17:07:42"]
[TimeControl "2700+45"]

1. d4 Nf6 2. c4 e6 3. Nc3 Bb4 4. e3 O-O 5. Bd3 Re8 6. Nf3 d5 7. O-O c5 8. a3
cxd4 9. exd4 dxc4 10. Bxc4 Be7 11. b4 Nbd7 12. Bb2 Nb6 13. Bb3 Nbd5 14. Rc1 a6
15. Ne5 Nxc3 16. Rxc3 Nd5 17. Rh3 g6 18. Qd2 Bf8 19. Ng4 h5 20. Ne5 b5 21. Rc1
Bb7 22. Nd3 Kh7 23. Qd1 Qg5 24. Rg3 Qh6 25. Nc5 Re7 26. Bxd5 Bxd5 27. Bc3 Rea7
28. Bd2 Qg7 29. Bc3 Bc4 30. d5 Qg8 31. dxe6 Bxc5 32. bxc5 Bxe6 33. Bd4 Bc4 34.
Qc2 Rd7 35. Be3 Qg7 36. Rg5 Rad8 37. Rxh5+ Kg8 38. Rg5 Qb2 39. h4 Qxc2 40. Rxc2
Rd3 41. h5 Kg7 42. hxg6 fxg6 43. Rg3 Rd1+ 44. Kh2 Be6 45. Rg5 Rh8+ 46. Kg3 Rd3
47. c6 Kf6 48. Rgc5 Rd5 49. Rxd5 Bxd5 50. Bd4+ {Black resigns} 1-0

[Event "Team 45 45 League T65"]
[Site "Internet Chess Club"]
[Date "2015.06.22"]
[Round "2"]
[White "pokerram"]
[Black "portis2"]
[Result "1/2-1/2"]
[WhiteElo "1742"]
[BlackElo "1574"]
[Opening "Ruy Lopez: Marshall counter-attack, 11...c6"]
[ECO "C89"]
[Time "10:00:16"]
[TimeControl "2700+45"]

1. e4 e5 2. Nf3 Nc6 3. Bb5 a6 4. Ba4 Nf6 5. O-O Be7 6. Re1 b5 7. Bb3 O-O 8. c3
d5 9. exd5 Nxd5 10. Nxe5 Nxe5 11. Rxe5 c6 12. Bxd5 cxd5 13. d4 Bd6 14. Re1 Qh4
15. g3 Qh3 16. Qd3 Bg4 17. Qf1 Qh5 18. Be3 Rae8 19. Nd2 Bh3 20. Qe2 Bg4 21. Qf1
{Game drawn by mutual agreement} 1/2-1/2

[Event "Team 45 45 League T65"]
[Site "Internet Chess Club"]
[Date "2015.06.12"]
[Round "2"]
[White "Berke"]
[Black "Megasus"]
[Result "0-1"]
[WhiteElo "1475"]
[BlackElo "1600"]
[Opening "Sicilian: closed"]
[ECO "B23"]
[Time "06:00:13"]
[TimeControl "2700+45"]

1. e4 c5 2. Nc3 e6 3. f4 a6 4. Nf3 Nc6 5. Be2 h6 6. d3 Qc7 7. O-O d6 8. Qe1 Nf6
9. Be3 Ng4 10. Bd2 Qb6 11. Kh1 Be7 12. Na4 Qc7 13. b3 b5 14. Nb2 Bb7 15. Rc1
O-O-O 16. a4 g5 17. axb5 axb5 18. f5 d5 19. fxe6 fxe6 20. c3 h5 21. exd5 Bd6 22.
Nxg5 Rdf8 23. Nxe6 Rxf1+ 24. Qxf1 Qe7 25. dxc6 Bxc6 26. Nf4 Qe5 27. Bxg4+ hxg4
28. Re1 Qg5 29. Nh3 Qxd2 30. Re2 Qh6 31. Qf5+ Bd7 32. Qxd7+ Kxd7 33. g3 Qxh3
{White resigns} 0-1

[Event "Team 45 45 League T65"]
[Site "Internet Chess Club"]
[Date "2015.06.11"]
[Round "2"]
[White "HematiteBrown"]
[Black "Percival"]
[Result "1/2-1/2"]
[WhiteElo "2079"]
[BlackElo "2129"]
[Opening "French: Winawer, advance, poisoned pawn, Konstantinopolsky variation"]
[ECO "C18"]
[Time "19:03:08"]
[TimeControl "2700+45"]

1. e4 e6 2. d4 d5 3. Nc3 Bb4 4. e5 c5 5. a3 Bxc3+ 6. bxc3 Ne7 7. Qg4 Qc7 8. Qxg7
Rg8 9. Qxh7 cxd4 10. Ne2 Nbc6 11. f4 dxc3 12. Qd3 Nf5 13. Qxc3 Bd7 14. Rb1 O-O-O
15. Rg1 Ncd4 16. Qxc7+ Kxc7 17. c3 Nxe2 18. Bxe2 d4 19. Kf2 Bc6 20. cxd4 Nxd4
21. Bf1 Rd7 22. Be3 Nc2 23. g3 Nxa3 24. Rc1 Rgd8 25. Be2 a6 26. h4 Nb5 27. h5
Nd4 28. g4 Nxe2 29. Kxe2 Kb8 30. Rxc6 bxc6 31. g5 Rg8 32. Bc5 Rb7 33. Kf3 Rb2
34. Be7 Rh2 35. g6 fxg6 36. hxg6 a5 37. f5 exf5 38. Kf4 Rf2+ 39. Kg5 f4 40. Bc5
Rc2 41. Bd6+ Kc8 42. Kxf4 Kd7 43. g7 Rf2+ 44. Ke4 Rf7 45. Bf8 a4 46. Rd1+ Ke8
47. e6 Ra7 48. Kd4 a3 49. Kc5 a2 50. Ra1 Rxf8 51. gxf8=Q+ Kxf8 52. Kxc6 Ke7 53.
Kb5 Kxe6 54. Kb4 Kd5 55. Kb3 Rb7+ 56. Kxa2 Ra7+ 57. Kb2 Rxa1 58. Kxa1 {Game
drawn because neither player has mating material} 1/2-1/2

[Event "Team 45 45 League T65"]
[Site "Internet Chess Club"]
[Date "2015.06.10"]
[Round "2"]
[White "Greedy-Reedy"]
[Black "Dodgy"]
[Result "0-1"]
[WhiteElo "1889"]
[BlackElo "2058"]
[Opening "Sicilian: Alapin's variation (2.c3)"]
[ECO "B22"]
[Time "12:09:53"]
[TimeControl "2700+45"]

1. e4 c5 2. c3 Nf6 3. e5 Nd5 4. d4 cxd4 5. Nf3 Nc6 6. Bc4 Nb6 7. Bb3 d5 8. exd6
Qxd6 9. O-O Bf5 10. Nxd4 Nxd4 11. cxd4 g6 12. Nc3 Bg7 13. Qf3 Qd7 14. g4 Be6 15.
Bxe6 Qxe6 16. Bg5 f6 17. Rfe1 Qd7 18. Bxf6 O-O 19. Ne4 exf6 20. Nc5 Qd5 21. Qa3
Qxd4 22. Ne6 Qxg4+ 23. Kf1 Rf7 24. Rad1 Re8 25. Rd4 Qf5 26. Qb3 Kh8 27. Nd8
Rxe1+ 28. Kxe1 Qb1+ 29. Kd2 Bh6+ 30. Ke2 Re7+ 31. Kf3 Qh1+ 32. Kg3 Qg1+ 33. Kf3
Qxh2 34. Nf7+ Kg7 35. Nxh6 Qh3+ {White resigns} 0-1

[Event "Team 45 45 League T65"]
[Site "Internet Chess Club"]
[Date "2015.06.13"]
[Round "2"]
[White "Woss"]
[Black "jorobo"]
[Result "1/2-1/2"]
[WhiteElo "2194"]
[BlackElo "2058"]
[Opening "French: Réti (Spielmann) variation"]
[ECO "C00"]
[Time "09:07:11"]
[TimeControl "2700+45"]

1. e4 e6 2. b3 d5 3. Bb2 dxe4 4. Nc3 Nf6 5. Qe2 a5 6. g4 Be7 7. Bg2 Bd7 8. Nxe4
Bc6 9. d3 a4 10. Nf3 axb3 11. axb3 Rxa1+ 12. Bxa1 Nbd7 13. Nd4 Bd5 14. g5 Nxe4
15. dxe4 c5 16. exd5 Qa5+ 17. Qd2 Qxa1+ 18. Ke2 Qxd4 19. Qxd4 cxd4 20. dxe6 fxe6
21. Rd1 Rf8 22. Bxb7 Bc5 23. Be4 g6 24. f3 Rf4 25. Kf2 d3+ 26. Kg3 dxc2 27. Bxc2
Rd4 28. Rxd4 Bxd4 29. h4 Nf8 30. h5 gxh5 31. Kh4 Kf7 32. Kxh5 Ng6 33. b4 Kg7 34.
Kg4 Be3 35. b5 Ne5+ 36. Kg3 Ng6 37. Kg4 Ne7 38. f4 Ng6 39. Kf3 Bb6 40. Bb3 Kf7
41. Kg4 Ne7 42. Bc2 Kg7 43. Bb3 Nd5 44. Kf3 Nc7 45. Bc4 h6 46. gxh6+ Kxh6 47.
Ke4 Kg6 48. Bxe6 {Game drawn by mutual agreement} 1/2-1/2

[Event "Team 45 45 League T65"]
[Site "Internet Chess Club"]
[Date "2015.06.12"]
[Round "2"]
[White "willhelm"]
[Black "dmarcolino"]
[Result "1-0"]
[WhiteElo "1956"]
[BlackElo "1979"]
[Opening "Bogo-Indian defense, Nimzovich variation"]
[ECO "E11"]
[Time "21:00:51"]
[TimeControl "2700+45"]

1. d4 Nf6 2. Nf3 e6 3. c4 Bb4+ 4. Bd2 Qe7 5. Nc3 O-O 6. a3 Bxc3 7. Bxc3 b6 8. g3
Bb7 9. Bg2 d6 10. O-O Nbd7 11. Nd2 Bxg2 12. Kxg2 d5 13. Qc2 c5 14. e4 cxd4 15.
Bb4 Nc5 16. exd5 exd5 17. Rfe1 Qd7 18. a4 Rfe8 19. a5 d3 20. Qc3 Nce4 21. Qxd3
Ng5 22. cxd5 Qh3+ 23. Kg1 Ng4 24. Nf1 Ne5 25. Rxe5 Rxe5 26. axb6 Qd7 27. Rxa7
Rxa7 28. bxa7 Qxa7 29. Ne3 Qa1+ 30. Kg2 Qxb2 31. Qc4 Re8 32. Bc3 Qb7 33. Qg4 f6
34. h4 Ne4 35. Bd4 {Black forfeits on time} 1-0

[Event "Team 45 45 League T65"]
[Site "Internet Chess Club"]
[Date "2015.06.12"]
[Round "2"]
[White "laurenpar"]
[Black "achessman"]
[Result "0-1"]
[WhiteElo "1946"]
[BlackElo "1975"]
[Opening "English opening"]
[ECO "A13"]
[Time "22:23:32"]
[TimeControl "2700+45"]

1. c4 e6 2. g3 d5 3. Bg2 c6 4. Nf3 dxc4 5. a4 Nd7 6. O-O Ngf6 7. Na3 Be7 8. Nxc4
O-O 9. d3 Nd5 10. Bd2 b6 11. Qb3 Nc5 12. Qc2 a5 13. Rfc1 Bb7 14. d4 Na6 15. Nce5
Nab4 16. Qb3 c5 17. dxc5 Bxc5 18. Ne1 Qf6 19. N1d3 Bxf2+ 20. Nxf2 Qxe5 21. e4
Qd4 22. Rd1 Nf6 23. Bc3 Qc5 24. Bd4 Qc2 25. Qf3 Ne8 26. Bxb6 f5 27. Qe3 Nf6 28.
Rd2 Qc6 29. Bf1 Nc2 30. Rxc2 Qxc2 31. exf5 Qxf5 32. Bc4 Nd5 33. Qb3 Kh8 34. Bc5
Rf7 35. Rd1 Rc8 36. Bb6 Qf3 37. Rd3 Ne3 {White resigns} 0-1

[Event "Team 45 45 League T65"]
[Site "Internet Chess Club"]
[Date "2015.06.12"]
[Round "2"]
[White "anna"]
[Black "JustinL"]
[Result "0-1"]
[WhiteElo "1781"]
[BlackElo "1932"]
[Opening "Giuoco Pianissimo"]
[ECO "C50"]
[Time "16:00:16"]
[TimeControl "2700+45"]

1. e4 e5 2. Nf3 Nc6 3. Bc4 Bc5 4. d3 d6 5. h3 Nf6 6. Nc3 Be6 7. Bxe6 fxe6 8. Qe2
Qd7 9. Na4 Bb6 10. Nxb6 axb6 11. Bd2 O-O 12. O-O h6 13. a3 Rae8 14. Bc3 Qf7 15.
Rad1 Nh5 16. Nh4 Nf4 17. Qe3 Qh5 18. g3 Nxh3+ 19. Kg2 Qg4 20. Kh2 Nxf2 21. Rxf2
Qxd1 22. Kg2 Rxf2+ 23. Qxf2 Rf8 24. Qe1 Qxc2+ 25. Qd2 Qxd2+ 26. Bxd2 Nd4 {White
resigns} 0-1

[Event "Team 45 45 League T65"]
[Site "Internet Chess Club"]
[Date "2015.06.10"]
[Round "2"]
[White "kidcobra"]
[Black "sanjay2000"]
[Result "1-0"]
[WhiteElo "1880"]
[BlackElo "1534"]
[Opening "Evans gambit"]
[ECO "C51"]
[Time "17:30:30"]
[TimeControl "2700+45"]

1. e4 e5 2. Nf3 Nc6 3. Bc4 Bc5 4. b4 Bxb4 5. c3 Bc5 6. d4 exd4 7. cxd4 Bb4+ 8.
Bd2 Bxd2+ 9. Qxd2 Nf6 10. e5 Ng4 11. Bxf7+ Kxf7 12. Qf4+ Nf6 13. O-O Rf8 14.
exf6 Qxf6 15. Qxc7 Nxd4 16. Nxd4 Qxd4 17. Nc3 Kg8 18. Rad1 Qf4 19. Qxf4 Rxf4 20.
Nd5 Ra4 21. Rfe1 Rxa2 22. Ne7+ Kf7 23. Rc1 Ra6 24. Nxc8 Rc6 25. Rxc6 bxc6 26.
Nd6+ Kf6 27. Kf1 a5 28. Ra1 Ke6 29. Nc4 a4 30. Nb6 Ra6 31. Nxa4 Kf5 32. Ra2 d5
33. Ke2 c5 34. Nc3 Rxa2+ 35. Nxa2 Ke4 36. Nc3+ Kd4 37. Kd2 Kc4 38. h3 d4 39. Ne2
Kd5 40. Nf4+ Ke5 41. Ne2 c4 42. f3 h6 43. g3 g6 44. Nc1 g5 45. Ne2 d3 46. Nc3
Kd4 47. Nd1 h5 48. h4 gxh4 49. gxh4 Ke5 50. Ke3 Kf5 51. Nc3 Ke5 52. f4+ Kf5 53.
Kf3 d2 54. Nd1 Kg6 55. Ke4 Kf6 56. f5 Kg7 57. Ke5 Kf7 58. f6 Kf8 59. Ke6 Ke8 60.
Nc3 Kf8 61. f7 {Black resigns} 1-0

[Event "Team 45 45 League T65"]
[Site "Internet Chess Club"]
[Date "2015.06.12"]
[Round "2"]
[White "Littlemon"]
[Black "MartyJR"]
[Result "1-0"]
[WhiteElo "1535"]
[BlackElo "1452"]
[Opening "QGD Slav defense: exchange variation"]
[ECO "D10"]
[Time "16:09:41"]
[TimeControl "2700+45"]

1. d4 d5 2. c4 c6 3. cxd5 cxd5 4. Bf4 Nc6 5. e3 Bf5 6. Nc3 a6 7. Qb3 Na5 8. Qxd5
Be6 9. Qf3 Nf6 10. h3 g6 11. Bd3 Bg7 12. Qe2 Rc8 13. Nf3 Nd5 14. Nxd5 Bxd5 15.
O-O O-O 16. Rfc1 Rxc1+ 17. Rxc1 Bxa2 18. b4 Nb3 19. Rd1 Nxd4 20. exd4 Bd5 21.
Bc4 e6 22. Bxd5 exd5 23. Re1 Qb6 24. Qd2 Rc8 25. Be5 f6 26. Bf4 Bf8 27. Rb1 Rc4
28. b5 axb5 29. Qb2 b4 30. Be3 Qc6 31. Rc1 b5 32. Bd2 b3 33. Ne1 Qa6 34. Qxb3
Rxd4 35. Nf3 Rc4 36. Qd3 Qe6 37. Rxc4 dxc4 38. Qb1 Qb6 39. Be3 Qb7 40. Nd2 Qc6
41. Bd4 Bh6 42. Qc2 Qd6 43. Nf3 Qc6 44. Qb2 Bg7 45. Bc3 Qd6 46. Qxb5 Qd1+ 47.
Kh2 Qd6+ 48. g3 Qd3 49. Qe8+ Bf8 50. Qe6+ Kg7 51. Qxf6+ Kh6 52. Qg5# {Black
checkmated} 1-0

[Event "Team 45 45 League T65"]
[Site "Internet Chess Club"]
[Date "2015.06.14"]
[Round "2"]
[White "KidRattler"]
[Black "moodle"]
[Result "0-1"]
[WhiteElo "1545"]
[BlackElo "1727"]
[Opening "Ruy Lopez: classical (Cordel) defense"]
[ECO "C64"]
[Time "18:00:05"]
[TimeControl "2700+45"]

1. e4 e5 2. Nf3 Nc6 3. Bb5 Bc5 4. Bxc6 dxc6 5. Nc3 Nf6 6. d3 O-O 7. O-O Re8 8.
Bg5 h6 9. Bh4 Bg4 10. h3 Bh5 11. Na4 Bd6 12. Qe2 Qe7 13. Kh2 Qe6 14. Bxf6 Qxf6
15. Qe3 Qe7 16. Nc3 f5 17. exf5 e4+ 18. Kg1 exf3 19. g4 Qxe3 20. fxe3 f2+ 21.
Kxf2 Bf7 22. Ne4 Bd5 23. Nxd6 cxd6 24. c4 Bf7 25. b4 d5 26. c5 a5 27. a3 Ra7 28.
Rfb1 Rb8 29. e4 dxe4 30. dxe4 axb4 31. axb4 Rba8 32. Rxa7 Rxa7 33. e5 Ra2+ 34.
Kg3 g6 35. e6 Be8 36. f6 Ra3+ 37. Kh2 Kf8 38. Rf1 Re3 39. f7 Rxe6 40. fxe8=Q+
Kxe8 41. Kg3 g5 42. Kf3 Rf6+ 43. Ke2 Rxf1 44. Kxf1 Kd7 45. Ke2 Ke6 46. Kd3 Kd5
47. Kc3 Ke5 48. Kc4 Kf4 49. b5 Ke5 50. bxc6 bxc6 51. Kd3 Kd5 52. Ke3 Ke5 53. Kd3
Kd5 54. Ke3 Kxc5 55. Ke4 Kd6 56. Kf5 c5 57. Kg6 c4 58. Kxh6 c3 59. Kxg5 c2 60.
h4 c1=Q+ 61. Kg6 Qc2+ 62. Kh6 Qe4 63. Kg5 Qe5+ 64. Kg6 Ke6 65. g5 Qe4+ 66. Kg7
Qxh4 67. g6 Qg5 68. Kf8 Qf6+ 69. Kg8 Qxg6+ 70. Kh8 Qg5 71. Kh7 Kf7 72. Kh8 Qg8#
{White checkmated} 0-1